 Dungeon Crawl Stone Soup version 0.21-a0-516-gaaff437 (webtiles) character file.

59 Gildeon the Chopper (level 3, 0/31 HPs)
             Began as a Minotaur Fighter on Dec 3, 2017.
             Succumbed to an adder's poison
             ... on level 1 of the Dungeon.
             The game lasted 00:04:11 (927 turns).

Gildeon the Chopper (Minotaur Fighter)               Turns: 927, Time: 00:04:12

Health: 0/31       AC:  7    Str: 27    XL:     3   Next: 78%
Magic:  2/2        EV:  7    Int:  5    God:
Gold:   79         SH: 10    Dex: 10    Spells: 2/2 levels left

rFire    . . .     SeeInvis .   a - +0 war axe
rCold    . . .     Gourm    .   c - +0 shield
rNeg     . . .     Faith    .   b - +1 scale mail
rPois    .         Spirit   .   (helmet restricted)
rElec    .         Reflect  .   (no cloak)
rCorr    .         Harm     .   (no gloves)
MR       .....                  (no boots)
Stlth    ..........             (no amulet)
HPRegen  0.10/turn              (no ring)
MPRegen  0.08/turn              (no ring)

@: mighty, lethally poisoned (0 -> -9)
A: retaliatory headbutt, horns 2, high mp 1, strong 1
a: no special abilities


You were on level 1 of the Dungeon.
You were not hungry.

You visited 1 branch of the dungeon, and saw 2 of its levels.

You collected 79 gold pieces.

Inventory:

Hand Weapons
 a - a +0 war axe (weapon)
Missiles
 e - a throwing net (quivered)
Armour
 b - a +1 scale mail (worn)
 c - a +0 shield (worn)
Potions
 h - a potion of mutation
 i - 2 potions of cancellation {unknown}
 k - a potion of heal wounds {unknown}
Comestibles
 f - a bread ration
 g - 9 chunks of flesh
 j - 2 fruits
 l - a meat ration


   Skills:
 - Level 3.6 Fighting
 + Level 5.1 Axes
 - Level 3.6 Armour
 - Level 3.6 Shields


You had 2 spell levels left.
You didn't know any spells.

Dungeon Overview and Level Annotations

Branches:
Dungeon (2/15)

Altars:

Annotations:
D:2 Jessica, Robin


Innate Abilities, Weirdness & Mutations

You reflexively headbutt those who attack you in melee.
You have a pair of horns on your head.
You have an increased reservoir of magic. (+10% MP)
Your muscles are strong. (Str +2)


Message History

* * * LOW HITPOINT WARNING * * *
You are more poisoned.
The adder poisons you!
You feel very mighty all of a sudden. The adder bites you.
* * * LOW HITPOINT WARNING * * *
You are more poisoned.
The adder poisons you!
You barely miss the adder. You headbutt the adder.
You kill the adder!
Your Axes skill increases to level 5!
* * * LOW HITPOINT WARNING * * *
You feel sick. You block the giant cockroach's attack.
You closely miss the giant cockroach.
The giant cockroach is moderately wounded.
* * * LOW HITPOINT WARNING * * *
You feel sick. You block the giant cockroach's attack.
It was a potion of mutation.
You feel extremely strange.
You feel more energetic.
You feel stronger.
You die...

#..#.###......#....#.#.#.........
#.............#....+.#.#######...
#...)###......#....#...# #...
####.# ################# #...
####.# #.# #... .....#### #.#
#... #.......# #.# #...
#.##.##.###########.# #.##
#.##.##.##.#....@sg.# #.##
#.##......#..######## #.#.
#.#####.##...# #.#.
#.#####.###### ##### #.#.
#.......# ###...#######...
######### #.).#.........##
#.#...#.#####..# #.##.##.######.#
#.##.....##.....


You could see a giant cockroach and a goblin.

Vanquished Creatures
  An adder (D:1)
  An ooze (D:1)
  A dart slug (D:1)
  2 leopard geckos (D:1)
  2 ball pythons (D:1)
  3 giant cockroaches (D:1)
  5 hobgoblins (D:1)
  2 kobolds (D:1)
  2 bats (D:1)
  A frilled lizard (D:1)
  10 goblins (D:1)
  9 rats
39 creatures vanquished.

Notes
Turn   | Place    | Note
-------+----------+-------------------------------------------
     0 | D:1      | Gildeon the Minotaur Fighter began the quest for the Orb.
     0 | D:1      | Reached XP level 1. HP: 19/19 MP: 0/0
   120 | D:1      | Reached skill level 3 in Axes
   126 | D:1      | Reached XP level 2. HP: 21/26 MP: 1/1
   379 | D:1      | Reached skill level 4 in Axes
   647 | D:1      | Reached XP level 3. HP: 31/31 MP: 2/2
   891 | D:2      | Noticed Robin
   893 | D:2      | Noticed Jessica
   925 | D:1      | Reached skill level 5 in Axes
   926 | D:1      | HP: 1/31 [poisoned by an adder]
   927 | D:1      | Gained mutation: You have an increased reservoir of magic. (+10% MP) [potion of mutation]
   927 | D:1      | Gained mutation: Your muscles are strong. (Str +2) [potion of mutation]
   927 | D:1      | Succumbed to an adder's poison

Vault maps used:
D:1:      lemuel_arrival_behind_the_door_small, minmay_rat_gold_closets
D:2:      tgw_xom, tso_oasis_becter, uniq_robin, uniq_jessica

Skill      XL: |  1  2  3 |
---------------+----------+-----
Axes           | 3 4 5 |  5.1
Fighting       | |  3.6
Armour         | |  3.6
Shields        | |  3.6

Action                   || total
-------------------------++-------
Melee: War axe           ||   102
       Headbutt          ||    10
Throw: Throwing net      ||     1
  Use: Scroll            ||     3
       Potion            ||     2
Armor: Scale mail        ||    49
Dodge: Dodged            ||    35
Block: Shield            ||    63

Table legend:
 A = Spawn XP
 B = Non-spawn XP
 C = Spawn XP percentage of total XP
 D = Spawn monster count
 E = Non-spawn monster count
 F = Spawn count percentage of total count
 G = Total turns spent on level
                    A         B        C        D         E        F      G
               +---------+---------+-------+---------+---------+-------+---------
         Total |       0 |      85 |   0.0 |       0 |      39 |   0.0 |   927
               +---------+---------+-------+---------+---------+-------+---------
           D:1 |       0 |      84 |   0.0 |       0 |      38 |   0.0 |   922
           D:2 |       0 |       1 |   0.0 |       0 |       1 |   0.0 |     5
               +---------+---------+-------+---------+---------+-------+---------
